 Dungeon Crawl Stone Soup version 0.26-a0-18-g135ff06667 (webtiles) character file.

Game seed: 14275388659410827619, levelgen mode: deterministic

886 Mrkan the Skirmisher (level 8, -1/80 HPs)
             Began as an Ogre Fire Elementalist on May 25, 2020.
             Was a Believer of Okawaru.
             Slain by a sky beast (2 damage)
             ... on level 5 of the Dungeon.
             The game lasted 00:14:50 (7814 turns).

Mrkan the Skirmisher (Ogre Fire Elementalist)       Turns: 7814, Time: 00:14:51

Health: -1/80      AC: 12    Str: 14    XL:     8   Next: 5%
Magic:  11/14      EV:  8    Int: 17    God:    Okawaru [**....]
Gold:   236        SH:  0    Dex:  9    Spells: 14/15 levels left

rFire    + . .     SeeInvis .   q - +0 spear
rCold    + . .     Gourm    .   (no shield)
rNeg     . . .     Faith    .   f - quicksilver dragon scales
rPois    +         Spirit   .   (helmet restricted)
rElec    +         Reflect  .   l - +0 cloak
rCorr    +         Harm     .   (gloves unavailable)
MR       +....                  (boots unavailable)
Stlth    +.........             (no amulet)
HPRegen  0.23/turn              (no ring)
MPRegen  0.14/turn              (no ring)

@: mighty, resistant, stab, very slightly contaminated
A: large, unfitting armour, tough skin 1
a: Heroism, Renounce Religion


You were on level 5 of the Dungeon.
You worshipped Okawaru.
Okawaru was pleased with you.
You were not hungry.

You visited 1 branch of the dungeon, and saw 5 of its levels.

You collected 236 gold pieces.

Inventory:

Hand Weapons
 q - a +0 spear (weapon)
 x - the +8 Wrath of Trog {antimagic, *Rage}
   (You found it on level 4 of the Dungeon)

   It reduces the magical energy of the wielder, and disrupts the spells and
   magical abilities of those hit.
   Natural abilities and divine invocations are not affected.
   It may make you go berserk in combat.
Armour
 a - a +0 robe
 f - quicksilver dragon scales (worn)
 l - a +0 cloak (worn)
Jewellery
 p - an uncursed amulet of the acrobat {unknown}
 r - an uncursed amulet of magic regeneration {unknown}
 z - an uncursed ring of magical power {unknown}
 C - an uncursed amulet of magic regeneration {unknown}
Wands
 o - a wand of flame (7)
Scrolls
 d - 8 scrolls of identify {unknown}
 e - 2 scrolls of noise {unknown}
 h - a scroll of fear {unknown}
 j - 4 scrolls of teleportation {unknown}
 k - 4 scrolls of remove curse {unknown}
 s - a scroll of amnesia {unknown}
 t - a scroll of enchant armour {unknown}
 u - a scroll of random uselessness {unknown}
 y - a scroll of blinking {unknown}
 B - 2 scrolls of magic mapping {unknown}
Potions
 b - a potion of resistance
 g - 2 potions of cancellation {unknown}
 i - a potion of curing {unknown}
 m - 2 potions of stabbing
 n - a potion of berserk rage {unknown}
 v - a potion of mutation {unknown}
 w - a potion of degeneration {unknown}
Comestibles
 c - 6 rations
 D - 3 chunks of flesh


   Skills:
 - Level 5.0 Fighting
 + Level 2.7 Polearms
 - Level 4.3 Armour
 - Level 1.7 Dodging
 - Level 1.4 Stealth
 - Level 4.1 Spellcasting
 - Level 3.0 Conjurations
 - Level 3.0 Fire Magic


You had 14 spell levels left.
You knew the following spells:

 Your Spells              Type           Power        Failure   Level  Hunger
a - Foxfire               Conj/Fire      ##..         9%          1    None

Your spell library contained the following spells:

 Spells                   Type           Power        Failure   Level  Hunger
 Conjure Flame            Conj/Fire      ##......     26%         3    ###....
 Inner Flame              Hex/Fire       #.......     43%         3    ###....
 Sticky Flame             Conj/Fire      ##......     65%         4    ####...
 Fireball                 Conj/Fire      ##........   94%         5    ######.


Dungeon Overview and Level Annotations

Branches:
Dungeon (5/15)
 Temple: D:4-7

Altars:
Cheibriados
Gozag
Kikubaaqudgha
Okawaru
Ru
Zin


Innate Abilities, Weirdness & Mutations

You are too large for most types of armour.
You have tough skin. (AC +1)


Message History

Unknown command.
The sky beast flickers out of sight!
Deactivating autopickup; reactivate with Ctrl-A.
Something hits you.
* * * LOW HITPOINT WARNING * * *
Something shocks you.
* * * LOW HITPOINT WARNING * * *
Things that are here:
a +0 dagger; a +0 robe Unknown command.
Unknown command.
It was a potion of resistance.
You feel protected.
The hound skeleton bites you but does no damage.
Something hits you but does no damage. The hound skeleton closely misses you.
It was a potion of stabbing.
You feel ready to backstab.
The hound skeleton bites you but does no damage.
Something hits you.
You die...

..........######..........#
#.# ..........#
#.......######.#
.###......#
#####..........# .#
######## ############ .# ##
♣♣♣♣♣♣ ♣♣♣♣♣♣
♣♣♣....♣♣♣♣♣♣♣{...♣
♣♣♣♣..♣♣♣....♣♣.@Z♣ ....♣♣♣
♣♣♣♣...♣♣♣♣ ...♣♣ ♣♣♣♣♣
♣♣♣♣


You could see a hound skeleton.

Vanquished Creatures
  A phantom (D:1)
  A sky beast (D:5)
  A centaur (D:5)
  A howler monkey (D:5)
  An orc priest (D:3)
  2 hounds (D:4)
  A quasit (D:5)
  2 orc wizards
  2 centaur skeletons (D:4)
  Natasha (thrice) (D:1)
  An iguana (D:5)
  3 adders
  7 gnolls
  A shadow imp (D:5)
  An ooze (D:2)
  2 worms
  18 orcs
  10 bats
  4 giant cockroaches
  5 goblins
  6 hobgoblins
  4 jackals (D:5)
  A ball python (D:4)
  4 frilled lizards
  7 kobolds
  A leopard gecko zombie (D:5)
  4 rats
  A plant (D:4)
95 creatures vanquished.

Vanquished Creatures (others)
  2 orc wizards (D:4)
  270 foxfires
  3 plants (D:4)
275 creatures vanquished.

Grand Total: 370 creatures vanquished

Notes
Turn   | Place    | Note
-------+----------+-------------------------------------------
     0 | D:1      | Mrkan the Ogre Fire Elementalist began the quest for the
                  | Orb.
     0 | D:1      | Reached XP level 1. HP: 16/16 MP: 3/3
    15 | D:1      | Reached skill level 1 in Conjurations
   214 | D:1      | Reached XP level 2. HP: 17/24 MP: 5/5
   912 | D:1      | You fall into a shaft and drop 1 floor!
   915 | D:2      | Noticed a phantom
   985 | D:1      | Reached XP level 3. HP: 4/31 MP: 2/6
  2160 | D:1      | Reached skill level 1 in Fighting
  2160 | D:1      | Reached XP level 4. HP: 22/41 MP: 3/7
  2759 | D:2      | Reached skill level 2 in Fighting
  2941 | D:2      | Found an iron altar of Okawaru.
  2958 | D:2      | Became a worshipper of Warmaster Okawaru
  2992 | D:2      | You fall into a shaft and drop 2 floors!
  3343 | D:2      | Noticed Natasha
  3421 | D:1      | Killed Natasha
  3436 | D:1      | Noticed Natasha
  3448 | D:1      | Killed Natasha
  3448 | D:1      | Reached skill level 3 in Fighting
  3448 | D:1      | Reached XP level 5. HP: 29/53 MP: 1/9
  3474 | D:1      | Noticed Natasha
  3498 | D:1      | HP: 1/53 [Natasha/puff of flame (3)]
  3510 | D:1      | Killed Natasha
  3912 | D:1      | Killed a phantom
  3912 | D:1      | Reached * piety under Okawaru
  3912 | D:1      | Reached skill level 4 in Fighting
  3912 | D:1      | Reached XP level 6. HP: 53/63 MP: 2/12
  4052 | D:2      | Reached skill level 5 in Fighting
  4686 | D:3      | Found a sacrificial altar of Ru.
  4843 | D:3      | Reached skill level 1 in Armour
  5484 | D:4      | Found the +8 Wrath of Trog {antimagic, *Rage}
  5532 | D:4      | Found an opulent altar of Gozag.
  5626 | D:4      | Reached XP level 7. HP: 68/72 MP: 13/13
  6513 | D:4      | Found a snail-covered altar of Cheibriados.
  6517 | D:4      | Found a glowing silver altar of Zin.
  6520 | D:4      | Found an ancient bone altar of Kikubaaqudgha.
  6922 | D:5      | Entered Level 5 of the Dungeon
  7069 | D:5      | Reached ** piety under Okawaru
  7329 | D:5      | Reached skill level 1 in Polearms
  7657 | D:5      | Reached XP level 8. HP: 64/80 MP: 7/14
  7812 | D:5      | HP: 1/80 [something (5)]
  7814 | D:5      | Slain by a sky beast

Illustrated notes

Levels and vault maps discovered:
D:1:      nzn_arrival_crosshair, layout_basic, hangedman_decor_points,
          kennysheep_boxes
D:2:      layout_basic, old_standard_altar, serial_co_window_serial,
          co_window_of_opportunity_a, co_window_corner_a, co_window_paths_b,
          co_window_corner_a, co_window_corner_a, co_window_broadway_a,
          co_window_corner_b, co_window_corner_cb, co_window_broadway_b,
          co_window_paths_c, glass_columns_a, glass_columns_a,
          minmay_pentomino_q2, uniq_natasha
D:3:      layout_loops_ring, nicolae_ru_awakened_eye, first_ration,
          hangedman_abyss_or_decor_lesser_grid
D:4:      layout_rooms, nicolae_overflow_hidden_temple,
          minmay_overflow_temple_star_quad, serial_bayou, serial_bayou_shore_a,
          serial_bayou_lagoon_a, serial_bayou_ford_a, serial_bayou_lake_a
D:5:      kb_forest_paths, layout_basic, uniq_ijyb

Skill      XL: |  1  2  3  4  5  6  7 |
---------------+----------------------+-----
Conjurations   | 1 2 3 |  3.0
Fire Magic     | 3 |  3.0
Fighting       | 1 3 4 5 |  5.0
Spellcasting   | 3 4 |  4.1
Armour         | 2 4 |  4.3
Polearms       | 2 |  2.7
Dodging        | |  1.7
Stealth        | |  1.4

Action                   |  1- 3 |  4- 6 |  7- 9 || total
-------------------------+-------+-------+-------++-------
Melee: Unarmed           |    81 |   127 |       ||   208
       Spear             |       |    61 |   232 ||   293
 Cast: Foxfire           |    49 |   106 |    66 ||   221
  Use: Potion            |       |       |     3 ||     3
  Eat: Chunk             |     4 |    12 |     4 ||    20
       Ration            |       |       |     1 ||     1
Armor: Robe              |    56 |       |       ||    56
       Quicksilver drago |     7 |   206 |   207 ||   420
Dodge: Dodged            |    85 |   157 |   114 ||   356

Table legend:
 A = Non-vault XP
 B = Vault XP
 C = Vault XP percentage of total XP
 D = Non-vault monster count
 E = Vault monster count
 F = Vault count percentage of total count
                 A         B        C        D         E       F
            +---------+---------+-------+---------+---------+-------
      Total |    1176 |      90 |   7.1 |      91 |       5 |   5.2
            +---------+---------+-------+---------+---------+-------
        D:1 |     273 |      37 |  11.9 |      29 |       1 |   3.3
        D:2 |     120 |       2 |   1.6 |      15 |       2 |  11.8
        D:3 |      88 |       0 |   0.0 |      16 |       0 |   0.0
        D:4 |     301 |       0 |   0.0 |      18 |       0 |   0.0
        D:5 |     394 |      51 |  11.5 |      13 |       2 |  13.3
            +---------+---------+-------+---------+---------+-------
